 Dungeon Crawl Stone Soup version 0.25-b1-46-gb8a1ec05df (webtiles) character file.

Game seed: 4063391215779911330

37 gruber the Skirmisher (level 3, 0/31 HPs)
             Began as a Vine Stalker Fighter on June 9, 2020.
             Succumbed to an adder's poison
             ... on level 2 of the Dungeon.
             The game lasted 00:00:54 (1406 turns).

gruber the Skirmisher (Vine Stalker Fighter)        Turns: 1406, Time: 00:00:55

Health: 0/31       AC: 21    Str: 19    XL:     3   Next: 39%
Magic:  4/4        EV:  2    Int:  8    God:
Gold:   109        SH:  9    Dex: 13    Spells: 2/2 levels left

rFire    . . .     SeeInvis .   a - +0 rapier
rCold    . . .     Gourm    .   c - +0 kite shield
rNeg     + + +     Faith    .   (armour currently unavailable)
rPois    +         Spirit   +   (helmet currently unavailable)
rElec    .         Reflect  .   (cloak currently unavailable)
rCorr    .         Harm     .   (gloves currently unavailable)
MR       .....     NoTele   +   (boots currently unavailable)
Stlth    +.........             (no amulet)
HPRegen  0.10/turn              (no ring)
MPRegen  0.09/turn              (no ring)

@: brilliant, lethally poisoned (0 -> -4), tree-form
A: magic shield, no potion heal 3, rot immunity
a: no special abilities


You were on level 2 of the Dungeon.
You were hungry.
You were a tree.
You visited 1 branch of the dungeon, and saw 2 of its levels.

You collected 109 gold pieces.

Inventory:

Hand Weapons
 a - a +0 rapier (weapon)
Missiles
 m - 54 stones (quivered)
Armour
 b - a +0 scale mail (melded)
 c - a +0 kite shield (worn)
Jewellery
 e - a cursed ring of attention {unknown}
 i - a +4 ring of protection {unknown}
Scrolls
 g - a scroll of noise {unknown}
 h - 2 scrolls of enchant armour {unknown}
 k - 2 scrolls of teleportation {unknown}
 l - a scroll of random uselessness {unknown}
 n - 2 scrolls of remove curse {unknown}
 o - 2 scrolls of identify {unknown}
 p - a scroll of enchant weapon {unknown}
 q - a scroll of amnesia {unknown}
Potions
 d - a potion of might
Comestibles
 f - 4 rations


   Skills:
 + Level 4.0 Fighting
 - Level 1.7 Short Blades
 - Level 2.4 Armour
 - Level 2.6 Shields


You had 2 spell levels left.
You didn't know any spells.
Your spell library was empty.

Dungeon Overview and Level Annotations

Branches:
Dungeon (2/15)

Altars:
Makhleb
Nemelex Xobeh
Wu Jian
Xom


Innate Abilities, Weirdness & Mutations

((You have extremely sharp teeth.))
When hurt, damage is shared between your health and your magic reserves.
((Your bite disrupts and absorbs the magic of your enemies.))
Potions cannot restore your health.
You are immune to rotting.


Message History

You are lethally poisoned!
The adder poisons you!
You closely miss the adder. You bite the adder.
You kill the adder!
Your Fighting skill increases to level 4!
It was a potion of brilliance.
You feel clever all of a sudden.
* * * LOW HITPOINT WARNING * * *
You feel sick.
It was a potion of lignification.
You turn into a tree.
Your +0 scale mail melds into your body.
Your roots penetrate the ground.
* * * LOW HITPOINT WARNING * * *
You feel sick.
* * * LOW HITPOINT WARNING * * *
You feel sick.
* * * LOW HITPOINT WARNING * * *
You feel sick.
Unknown command.
You die...

........#.#.........
+...
........#...........
####
........#...........
........#...########
.....####...##
#+####.......#
#.......# #.....>.#
####♣#'##
........#.#
###.....#.#
#.....#.# #######.#
#.# #.# #.#


There were no monsters in sight!

Vanquished Creatures
  2 adders (D:2)
  2 worms (D:2)
  A leopard gecko (D:1)
  2 giant cockroaches (D:1)
  A hobgoblin (D:2)
  4 kobolds
  2 rats (D:1)
14 creatures vanquished.

Notes
Turn   | Place    | Note
-------+----------+-------------------------------------------
     0 | D:1      | gruber the Vine Stalker Fighter began the quest for the
                  | Orb.
     0 | D:1      | Reached XP level 1. HP: 11/11 MP: 2/2
   223 | D:1      | Reached skill level 3 in Fighting
   500 | D:1      | Reached XP level 2. HP: 16/16 MP: 3/3
   950 | D:2      | Found a burning altar of Makhleb.
  1304 | D:2      | Found an ornate altar of the Wu Jian Council.
  1305 | D:2      | Found a sparkling altar of Nemelex Xobeh.
  1310 | D:2      | Found a shimmering altar of Xom.
  1311 | D:2      | Reached XP level 3. HP: 21/21 MP: 4/4
  1395 | D:2      | Reached skill level 4 in Fighting
  1400 | D:2      | HP: 1/31 [poisoned by an adder]
  1406 | D:2      | Succumbed to an adder's poison

Illustrated notes

Levels and vault maps discovered:
D:1:      dpeg_chamrin_arrival_tetris, layout_loops_ring,
          minmay_misc_feat_rugged, minmay_misc_feat_enclosed
D:2:      layout_basic, lemuel_crystal_altar, grunt_temple_overflow_open,
          grunt_ministairs_14

Skill      XL: |  1  2  3 |
---------------+----------+-----
Fighting       | 3 4 |  4.0
Short Blades   | |  1.7
Armour         | |  2.4
Shields        | |  2.6

Action                   || total
-------------------------++-------
Melee: Rapier            ||    66
       Bite              ||    14
  Use: Potion            ||     2
  Eat: Chunk             ||     1
Armor: Scale mail        ||    13
Dodge: Dodged            ||    16
Block: Kite shield       ||    30
